 Dungeon Crawl Stone Soup version 0.26-a0-1040-gbe3abf3417 (webtiles) character file.

Game seed: 12149393853441580431

350 dickylongcocking the Chiller (level 6, -2/41 HPs)
             Began as a Human Ice Elementalist on Dec 12, 2020.
             Was a Follower of Cheibriados.
             Slain by a wight
             ... wielding a +0 flail of draining
              (7 damage)
             ... on level 4 of the Dungeon.
             The game lasted 00:05:16 (4054 turns).

dickylongcocking the Chiller (HuIE)                 Turns: 4054, Time: 00:05:17

Health: -2/41      AC:  7    Str: 11    XL:     6   Next: 92%
Magic:  4/9        EV: 10    Int: 20    God:    Cheibriados [*.....]
Gold:   117        SH:  0    Dex: 17    Spells: 1/9 levels left

rFire    . . .     SeeInvis .   e - +4 scythe (venom)
rCold    . . .     Faith    .   (shield currently unavailable)
rNeg     . . .     Spirit   .   i - +0 ring mail
rPois    .         Reflect  .   (no helmet)
rElec    .         Harm     .   o - scarf {+Inv}
rCorr    .         Rampage  .   k - +1 pair of gloves {archery}
Will     .....                  (no boots)
Stlth    +.........             (no amulet)
HPRegen  0.13/turn              (no ring)
MPRegen  0.11/turn              (no ring)

@: frozen ramparts, heavily drained, very slow
A: no striking features
a: Bend Time, Renounce Religion, Evoke Invisibility


You were on level 4 of the Dungeon.
You worshipped Cheibriados.
Cheibriados was aware of your devotion.
You visited 1 branch of the dungeon, and saw 4 of its levels.

You collected 117 gold pieces.

Inventory:

Hand Weapons
 d - a +0 club
 e - a +4 scythe of venom (weapon)
 j - a +0 dagger of venom
Armour
 a - a +0 robe
 i - a +0 ring mail (worn)
 k - a +1 pair of gloves of archery (worn)
 o - a scarf of invisibility (worn)
Scrolls
 c - 4 scrolls of identify {unknown}
 f - 2 scrolls of immolation {unknown}
 g - a scroll of magic mapping {unknown}
 h - a scroll of fog {unknown}
 l - a scroll of enchant armour {unknown}
 m - 2 scrolls of amnesia {unknown}
 n - a scroll of enchant weapon {unknown}
 p - a scroll of teleportation {unknown}


   Skills:
 - Level 2.0(0.4) Dodging
 - Level 2.0(0.4) Stealth
 - Level 2.0(0.4) Spellcasting
 * Level 7.7(5.9) Ice Magic


You had one spell level left.
You knew the following spells:

 Your Spells              Type           Power        Failure   Level
a - Freeze                Ice            ###.         4%          1
b - Hailstorm             Conj/Ice       ##......     80%         4
f - Frozen Ramparts       Ice            ###...       12%         3

Your spell library contained the following spells:

 Spells                   Type           Power        Failure   Level
 Ozocubu's Armour         Ice            ###.....     12%         3
 Summon Ice Beast         Ice/Summ       ##......     80%         4


Dungeon Overview and Level Annotations

Branches:
Dungeon (4/15)
 Temple: D:4-7

Altars:
Ashenzari
Cheibriados
Nemelex Xobeh
Okawaru
Ru


Message History

Casting: Frozen Ramparts (dangerous; 10% risk of failure)
Press: ? - help, Dir - look around The walls around you are covered in ice.
The wight completely resists.
The wall freezes the wight but do no damage.
The wight closely misses you.
The wight resists.
The wall freezes the wight.
The wight closely misses you.
The wight completely resists.
The wall freezes the wight but do no damage.
The wight hits you from afar with a +0 halberd!
* * * LOW HITPOINT WARNING * * *
You feel drained.
* * * LOW HITPOINT WARNING * * *
Unknown command.
Unknown command.
Unknown command.
Unknown command.
The wight completely resists.
The wall freezes the wight but do no damage.
The wight hits you with a +0 flail of draining!
You die...

#.######..## #........
#..........# #...†....
###........# ####)...#
#......[.# #.##..
#........#######.##..
#....................
#........##.######.<#
####....## ##.##
##@...# #####.)##
#.z#..............)
#####z##.###..##......)
#...z.# .#...# #.......
#≈#.####...#. #>......
#(.zz...... ########
##......... #.........
#.........


You could see 3 wights.

Vanquished Creatures
  Sigmund (D:3)
  A hound (D:4)
  An orc priest (D:4)
  6 adders
  An adder skeleton (D:4)
  4 worms
  3 dart slugs
  4 leopard geckos
  4 orcs
  A giant cockroach (D:1)
  11 goblins
  7 hobgoblins
  A quokka (D:3)
  A ball python (D:1)
  4 bats
  4 frilled lizards
  A kobold (D:2)
  5 rats
60 creatures vanquished.

Vanquished Creatures (others)
  An adder (D:2)
1 creature vanquished.

Grand Total: 61 creatures vanquished

Notes
Turn   | Place    | Note
-------+----------+-------------------------------------------
     0 | D:1      | dickylongcocking the Human Ice Elementalist began the quest
                  | for the Orb.
     0 | D:1      | Reached XP level 1. HP: 13/13 MP: 3/3
   318 | D:1      | Reached XP level 2. HP: 14/19 MP: 1/5
   911 | D:2      | Found a snail-covered altar of Cheibriados.
   929 | D:2      | Became a worshipper of Cheibriados the Contemplative
  1163 | D:2      | Found a sparkling altar of Nemelex Xobeh.
  1209 | D:2      | Reached skill level 5 in Ice Magic
  1209 | D:2      | Reached XP level 3. HP: 23/24 MP: 2/6
  1368 | D:2      | Found a broken altar of Ashenzari.
  1485 | D:2      | Reached XP level 4. HP: 30/30 MP: 3/7
  1579 | D:2      | Learned a level 3 spell: Frozen Ramparts
  2257 | D:2      | Found a sacrificial altar of Ru.
  2902 | D:3      | Reached * piety under Cheibriados
  2998 | D:3      | Reached XP level 5. HP: 32/35 MP: 8/8
  3046 | D:3      | Reached skill level 6 in Ice Magic
  3275 | D:3      | Found an iron altar of Okawaru.
  3290 | D:3      | Learned a level 4 spell: Hailstorm
  3354 | D:3      | Noticed Sigmund
  3365 | D:3      | Killed Sigmund
  3366 | D:3      | Reached skill level 7 in Ice Magic
  3366 | D:3      | Reached XP level 6. HP: 14/41 MP: 3/9
  4054 | D:4      | Slain by a wight

Illustrated notes

Levels and vault maps discovered:
D:1:      scummos_arrival_gate, layout_basic, minivault_24
D:2:      layout_basic, nicolae_ru_sacrificial_ziggurat,
          nicolae_overflow_crystal_walls, lemuel_crystal_altar,
          nemelex_xobeh_ov_fountains_minmay, lemuel_flame_loot_1
D:3:      layout_basic, nicolae_overflow_hidden_temple, minmay_crystal_water,
          kennysheep_okawaru_gauntlet, uniq_sigmund
D:4:      layout_rooms, lemuel_coloured_pillars_altar, serial_bayou_pond_a,
          chequers_serial_rivers_large_b, uniq_edmund, uniq_crazy_yiuf_cottage

Skill      XL: |  1  2  3  4  5 |
---------------+----------------+-----
Ice Magic      | 5 7 |  7.7
Dodging        | |  2.0
Stealth        | |  2.0
Spellcasting   | |  2.0

Action                   |  1- 3 |  4- 6 || total
-------------------------+-------+-------++-------
Melee: Club              |    12 |       ||    12
       Dagger            |       |    60 ||    60
       Scythe            |       |    23 ||    23
 Cast: Freeze            |    32 |     2 ||    34
       Frozen Ramparts   |       |    18 ||    18
  Use: Potion            |       |     6 ||     6
 Stab: Sleeping          |       |     3 ||     3
Armor: Robe              |     7 |       ||     7
       Ring mail         |     1 |    37 ||    38
Dodge: Dodged            |    29 |    71 ||   100

Table legend: (Time is in decaauts)
 A = Elapsed time spent in this place.
 B = Non-inter-level travel time spent in this place.
 C = Inter-level travel time spent in this place.
 D = Time resting spent in this place.
 E = Time spent auto-exploring this place.
 F = Levels seen in this place.
 G = Mean time per level.
                   A        B        C        D        E       F      G
               +--------+--------+--------+--------+--------+-----+--------+
         Total |   4557 |   4376 |    181 |    604 |   3136 |   4 | 1139.2 |
       Dungeon |   4557 |   4376 |    181 |    604 |   3136 |   4 | 1139.2 |
               +--------+--------+--------+--------+--------+-----+--------+

Top non-repeatable levels by time:
     D:2: 2066 daAuts
     D:3: 1331 daAuts
     D:1: 899 daAuts
     D:4: 260 daAuts
